three top10 vs three top30

Match 16491405
End
Construct Barracks
Selects Advanced Infantry Battlegroup
Riflemen Squad
Riflemen Squad
Grenade Package
Riflemen Squad
Riflemen Squad
Infantry Support Center
M1918 Browning Automatic Rifles
Selects Convert to Ranger Squad
Construct Weapon Support Center
Bazooka Squad
Selects Frontline Medical Station
Frontline Medical Station
Construct Motor Pool
M1 Anti-tank Gun Team
Munitions Surplus
M1 Anti-tank Gun Team
Selects Infantry Assault
Infantry Assault
Selects Ammunition Storage
Construct Tank Depot
Selects M2A1 105mm Howitzer Emplacement
Convert to Ranger Squad
Selects 155mm Rapid Artillery Barrage
Infantry Assault
M4(105) Sherman Bulldozer
Riflemen Squad
M4(105) Sherman Bulldozer
Riflemen Squad
Engineer Squad
Infantry Assault
M4(105) Sherman Bulldozer
155mm Rapid Artillery Barrage
M18 Hellcat Tank Destroyer
Engineer Squad
Infantry Assault
M4(105) Sherman Bulldozer
M18 Hellcat Tank Destroyer
Infantry Assault
M4(105) Sherman Bulldozer
Riflemen Squad
155mm Rapid Artillery Barrage
Riflemen Squad
SargeGG
Tirant
Hunter Dak
†Wehrmacht_502nd†Tigergruppe
MACS
NorthWeapon
Reactive
banstyle
0
0

Comments sign in to comment!

No comments posted yet!